Map: Honorgrounds LE

Players

Voodoochilli - Winner!

  • Race: Terran Terran
  • League: Diamond
  • Spawn Location: 11:00

Timeislife

  • Race: Zerg Zerg
  • League: Diamond
  • Spawn Location: 1:00

VOD

Have the link to the VOD?

Description

Time

  • Played on: Feb. 5, 2017, 4:48 a.m.
  • Length: 19:43
Show
View Real Time Build Order
Export as new Build Order

Voodoochilli Terran - Winner!

Build Orders: MMM Bio 

Get SALT Encoding   

  12  0:01  SCV  
  13  0:13  SCV  
  14  0:19  Supply Depot  
  14  0:25  SCV  
  15  0:40  SCV  
  15  0:42  Barracks  
  16  0:46  Refinery  
  16  0:53  SCV  
  17  1:05  SCV  
  18  1:17  SCV  
  19  1:30  Orbital Command  
  19  1:32  Reaper  
  20  1:51  Engineering Bay  
  20  1:58  SCV  
  20  2:00  Barracks  
  21  2:15  SCV  
  22  2:19  Barracks Reactor  
  22  2:22  Supply Depot  
  22  2:23  Command Center  
  22  2:51  SCV  
  23  2:56  Marine x2  
  23  2:57  Barracks Tech Lab  
  25  3:03  SCV  
  25  3:10  Factory  
  25  3:14  Marine x2  
  25  3:15  SCV  
  25  3:17  Marine  
  29  3:21  Stimpack  
  29  3:27  SCV  
  29  3:32  Marine  
  31  3:37  SCV  
  32  3:42  Marine  
  32  3:45  SCV  
  34  3:48  Refinery  
  34  3:50  SCV  
  35  3:57  Command Center, SCV  
  35  3:59  Factory Tech Lab  
  36  4:05  Orbital Command  
  36  4:11  SCV  
  36  4:14  Starport  
  37  4:22  Supply Depot  
  37  4:23  SCV  
  38  4:25  Marine x2, Refinery  
  40  4:33  Siege Tank  
  40  4:35  SCV  
  40  4:36  SCV  
  45  4:44  Marine x2  
  47  4:47  SCV  
  47  4:48  SCV  
  49  4:52  Supply Depot  
  49  4:55  Starport Reactor  
  49  4:59  SCV  
  50  5:00  SCV  
  51  5:12  SCV  
  51  5:13  Orbital Command  
  52  5:16  SCV  
  53  5:24  Engineering Bay  
  53  5:25  Engineering Bay  
  52  5:31  SCV  
  52  5:33  Orbital Command, Combat Shields  
  52  5:34  Medivac x2  
  57  5:36  SCV  
  57  5:39  Refinery  
  58  5:43  Marine, SCV  
  58  5:44  Marauder  
  58  5:47  Marine  
  58  5:49  SCV  
  64  5:59  Terran Infantry Weapons Level 1  
  64  6:00  SCV, Terran Infantry Armor Level 1  
  64  6:01  Marine  
  66  6:05  Marauder  
  68  6:11  Supply Depot  
  68  6:13  Supply Depot  
  68  6:15  Siege Tank  
  68  6:16  SCV  
  72  6:24  Marine  
  73  6:25  Marine  
  73  6:26  Marauder  
  76  6:35  SCV x3  
  79  6:42  Marine  
  79  6:43  Marine  
  81  6:47  SCV  
  81  6:48  Siege Tank, Marauder  
  87  6:59  SCV  
  88  7:06  Marine x2  
  88  7:08  Medivac x2  
  93  7:13  Armory  
  93  7:15  Marauder  
  93  7:17  Supply Depot  
  93  7:18  Supply Depot  
  93  7:24  Marine x2  
  95  7:34  Liberator  
  95  7:35  Liberator  
  97  7:37  Marauder  
  97  7:42  Marine x2  
  104  7:58  Marauder  
  104  8:00  Marine x2  
  106  8:08  Barracks  
  106  8:11  Barracks  
  106  8:12  Barracks  
  106  8:13  Refinery  
  106  8:14  SCV  
  106  8:17  Marine  
  111  8:20  Supply Depot, Marauder, SCV  
  111  8:27  Marine  
  111  8:29  Concussive Shells  
  112  8:35  Marine  
  114  8:41  Marauder  
  114  8:45  Marine  
  115  8:53  Marine  
  116  9:02  Marauder  
  116  9:05  Marine  
  116  9:06  Barracks Reactor  
  116  9:07  Barracks Reactor  
  116  9:08  Barracks Reactor  
  117  9:12  Marine  
  118  9:17  Terran Infantry Weapons Level 2  
  118  9:18  Terran Infantry Armor Level 2  
  118  9:21  SCV, Terran Vehicle Weapons Level 1  
  118  9:22  Supply Depot  
  118  9:23  Marine  
  118  9:24  Marauder  
  122  9:36  Marine, Command Center, Missile Turret  
  122  9:38  Refinery  
  123  9:39  Missile Turret  
  123  9:41  Marine  
  123  9:44  Factory  
  123  9:45  Command Center, Missile Turret, Marauder  
  126  9:47  SCV  
  126  9:48  Supply Depot  
  126  9:49  Supply Depot  
  126  9:50  Supply Depot  
  127  9:54  Marine  
  127  9:55  SCV  
  127  9:57  Marine  
  127  9:59  Supply Depot  
  130  10:03  Marine, Sensor Tower  
  130  10:06  Marine  
  130  10:07  Missile Turret  
  132  10:10  Marauder  
  132  10:12  Medivac x2  
  132  10:13  Siege Tank  
  141  10:14  Supply Depot  
  141  10:15  Supply Depot x2  
  141  10:18  Supply Depot  
  141  10:23  Barracks  
  141  10:26  Barracks  
  141  10:28  Barracks  
  141  10:32  Marauder  
  143  10:38  Marine  
  144  10:53  Marauder  
  139  11:05  Liberator x2  
  139  11:10  Marine  
  108  11:14  Marauder  
  105  11:20  Marine x2  
  105  11:21  Marine x3  
  105  11:25  Marine x2  
  115  11:29  Marine  
  115  11:35  Siege Tank  
  115  11:36  Marauder  
  115  11:37  Marine  
  96  11:49  Marine  
  96  11:52  Marine  
  96  11:53  Marine  
  93  11:57  Marine  
  88  12:06  Planetary Fortress  
  83  12:09  Missile Turret  
  83  12:13  Supply Depot  
  50  13:37  Terran Infantry Weapons Level 3, Terran Infantry Armor Level 3  
  49  13:56  Marine  
  50  14:09  Marine  
  53  14:14  Marine  
  53  14:22  Orbital Command  
  43  14:32  Orbital Command  
  42  14:40  Supply Depot  
  42  15:00  SCV  
  43  15:27  SCV  
  44  15:32  Starport  
  44  15:39  SCV  
  37  15:59  SCV  
  38  16:50  Starport Tech Lab  
  38  16:53  Refinery  
  38  16:54  Refinery  
  38  16:56  SCV  
  38  18:05  Supply Depot  
  35  18:08  Supply Depot  
  35  18:22  Supply Depot  
  35  18:29  SCV  
  36  18:41  SCV  
  37  18:51  Banshee  
  37  18:53  SCV  
  41  18:57  Supply Depot  
Show
View Real Time Build Order
Export as new Build Order

Timeislife Zerg 

Build Orders: Hatch First 

Get SALT Encoding   

  12  0:00  Drone  
  13  0:08  Drone  
  14  0:18  Overlord  
  14  0:37  Drone x3  
  17  0:57  Drone  
  18  0:59  Hatchery  
  18  1:04  Drone  
  18  1:07  Extractor  
  17  1:18  Spawning Pool  
  17  1:19  Drone  
  18  1:40  Drone  
  18  1:53  Drone  
  19  2:07  Queen  
  19  2:08  Zergling x2  
  22  2:09  Overlord  
  22  2:14  Queen  
  24  2:16  Zergling x2  
  24  2:18  Zergling x2  
  24  2:19  Metabolic Boost  
  26  2:30  Zergling x2  
  27  2:37  Zergling x2  
  27  2:55  Drone x2  
  29  3:00  Drone x2  
  29  3:04  Drone  
  32  3:06  Extractor  
  31  3:18  Drone  
  31  3:19  Drone  
  33  3:27  Drone  
  33  3:28  Drone  
  33  3:30  Hatchery  
  34  3:38  Overlord  
  34  3:48  Drone  
  34  3:49  Drone  
  34  3:52  Roach Warren  
  35  3:56  Drone x3  
  38  4:04  Drone  
  38  4:05  Drone  
  40  4:11  Evolution Chamber  
  40  4:14  Evolution Chamber  
  39  4:17  Drone x2  
  39  4:20  Drone x2  
  39  4:22  Drone  
  43  4:32  Drone  
  43  4:35  Overlord x3  
  44  4:43  Extractor  
  44  4:44  Lair  
  43  4:46  Zerg Missile Weapons Level 1  
  43  4:52  Zerg Ground Armor Level 1  
  47  5:00  Roach x3  
  47  5:03  Roach  
  47  5:06  Roach  
  53  5:09  Drone  
  54  5:18  Drone x2  
  54  5:19  Drone  
  57  5:22  Drone x3  
  57  5:24  Drone x2  
  57  5:28  Drone  
  63  5:36  Roach  
  63  5:41  Roach x3  
  71  5:44  Queen  
  73  5:57  Overlord  
  73  5:58  Overlord  
  70  6:14  Roach x2  
  74  6:20  Roach x3, Queen  
  74  6:22  Roach x4  
  90  6:35  Glial Reconstitution  
  90  6:37  Hatchery  
  89  6:46  Zerg Missile Weapons Level 2  
  89  6:50  Zerg Ground Armor Level 2  
  90  6:58  Overlord  
  90  6:59  Overlord x2  
  87  7:16  Overlord x2  
  87  7:17  Overlord  
  87  7:18  Roach  
  87  7:19  Roach x2  
  93  7:23  Roach x3  
  98  7:30  Roach x3  
  98  7:37  Roach x3  
  108  7:38  Drone  
  108  7:42  Roach  
  107  7:44  Roach x3  
  107  8:00  Roach x2  
  111  8:09  Drone x3  
  111  8:10  Hatchery  
  113  8:21  Drone x2  
  113  8:22  Drone x2  
  113  8:23  Drone  
  113  8:26  Drone  
  119  8:36  Roach  
  119  8:37  Roach  
  123  8:46  Roach  
  125  8:55  Overlord x2  
  125  8:56  Roach x2  
  125  8:57  Drone, Overlord  
  125  8:58  Overlord  
  125  9:01  Extractor  
  129  9:07  Ravager  
  130  9:10  Overlord x3  
  130  9:13  Queen  
  132  9:20  Infestation Pit  
  132  9:23  Ravager x5  
  132  9:24  Ravager  
  137  9:25  Ravager x3  
  137  9:26  Drone  
  137  9:29  Drone  
  137  9:30  Drone  
  143  9:32  Zergling x2  
  143  9:33  Drone x3  
  143  9:35  Zergling x6, Extractor  
  143  9:36  Drone  
  150  9:40  Drone x2  
  152  9:49  Roach  
  152  9:50  Queen  
  156  9:59  Spine Crawler  
  155  10:01  Drone, Spore Crawler  
  155  10:02  Drone  
  155  10:05  Roach x3  
  162  10:09  Roach x4  
  162  10:12  Roach x2  
  174  10:15  Drone  
  175  10:25  Hatchery  
  164  10:39  Roach x3  
  164  10:40  Roach  
  172  10:43  Roach x5  
  172  10:46  Roach x2  
  172  10:47  Roach  
  188  11:02  Roach x2  
  176  11:12  Roach x2  
  176  11:14  Roach x2  
  176  11:17  Spire  
  174  11:41  Drone, Queen  
  174  11:44  Drone  
  154  12:00  Overlord  
  154  12:01  Overlord x3  
  146  12:04  Spawning Pool  
  143  12:25  Drone  
  143  12:26  Hatchery  
  143  12:29  Spine Crawler  
  137  12:30  Spine Crawler  
  137  12:31  Spine Crawler  
  137  12:33  Spine Crawler  
  134  12:37  Spine Crawler  
  117  14:52  Hatchery  
  115  16:10  Extractor  
  114  16:33  Extractor  
  111  17:17  Extractor  
Tags
 
Composition
MMM Bio
Matchup
TvZ
Spawn Locations
Close Positions
Add a new tag
Caveats
  • Supply blocks, unpowered buildings, or Contaminate may cause inaccurate times.
  • Supply counts are checked every 10 seconds.